 Dungeon Crawl Stone Soup version 0.22-a0-580-gd5db89c (webtiles) character file.

28 iamserjio the Chopper (level 3, 0/25 HPs)
             Began as a Halfling Berserker on July 3, 2018.
             Was a Follower of Trog.
             Slain by a hobgoblin
             ... wielding a +0 club
              (5 damage)
             ... on level 2 of the Dungeon.
             The game lasted 00:01:59 (214 turns).

iamserjio the Chopper (Halfling Berserker)           Turns: 214, Time: 00:02:00

Health: 0/25       AC:  2    Str: 19    XL:     3   Next: 27%
Magic:  3/3        EV: 15    Int:  5    God:    Trog [*.....]
Gold:   30         SH:  0    Dex: 13    Spells: 2/2 levels left

rFire    . . .     SeeInvis .   a - +0 hand axe
rCold    . . .     Gourm    .   (shield restricted)
rNeg     . . .     Faith    .   b - +0 animal skin
rPois    .         Spirit   .   (no helmet)
rElec    .         Reflect  .   (no cloak)
rCorr    .         Harm     .   (no gloves)
MR       .....                  (no boots)
Stlth    +.........             (no amulet)
HPRegen  0.08/turn              (no ring)
MPRegen  0.08/turn              (no ring)

@: no status effects
A: small, mutation resistance 1
a: Berserk, Renounce Religion


You were on level 2 of the Dungeon.
You worshipped Trog.
Trog was aware of your devotion.
You were not hungry.

You visited 1 branch of the dungeon, and saw 2 of its levels.

You collected 30 gold pieces.

Inventory:

Hand Weapons
 a - a +0 hand axe (weapon)
Armour
 b - a +0 animal skin (worn)
Scrolls
 f - 3 scrolls of magic mapping {unknown}
 g - a scroll of remove curse {unknown}
Potions
 d - a potion of lignification
 e - a potion of brilliance {unknown}
Comestibles
 c - 4 rations
 h - 6 chunks of flesh


   Skills:
 + Level 2.9 Fighting
 * Level 3.4 Axes
 * Level 2.8 Armour
 + Level 2.5 Dodging


You had 2 spell levels left.
You didn't know any spells.
Your spell library was empty.

Dungeon Overview and Level Annotations

Branches:
Dungeon (1/15)

Altars:


Innate Abilities, Weirdness & Mutations

You are small and have problems with some larger weapons.
You are somewhat resistant to further mutation.


Message History

You swing at nothing.
Your transformation is almost over.
You swing at nothing.
You feel yourself speed up.
You swing at nothing.
You swing at nothing.
You swing at nothing.
You swing at nothing.
You swing at nothing.
You feel less wooden.
Your +0 animal skin unmelds from your body.
Wield which item (- for none, * to show all)? (? for menu, Esc to quit)
a - a +0 hand axe (weapon)
Found a leather armour.
A hobgoblin comes into view. It is wielding a club.
You recover from your berserk rage.
The hobgoblin shouts!
You hit the hobgoblin but do no damage. The hobgoblin closely misses you.
You closely miss the hobgoblin. The hobgoblin hits you with a club.
You die...

......###...
#.####........#..(.#
#.#.... ............
#.#.#.. ........).(.
###.#.#. ............
###......###.####...###.
#..........# #..........
#...[..g.#.# #..........
#..@...# #...##.....
#......#.#...##.....
#........#..........
#........#.....#....
#........#.....#....
####........#.....#....
#...........#..........
#....####.#.#..........
#.........#............


You could see a hobgoblin.

Vanquished Creatures
  2 adders (D:2)
  2 goblins (D:2)
  3 jackals (D:2)
  A kobold (D:2)
  3 rats
11 creatures vanquished.

Notes
Turn   | Place    | Note
-------+----------+-------------------------------------------
     0 | D:1      | iamserjio the Halfling Berserker began the quest for the Orb.
     0 | D:1      | Reached XP level 1. HP: 15/15 MP: 1/1
    85 | D:1      | You fall through a shaft!
   112 | D:2      | Reached XP level 2. HP: 5/20 MP: 2/2
   179 | D:2      | Reached XP level 3. HP: 5/25 MP: 3/3
   214 | D:2      | Slain by a hobgoblin

Vault maps used:
D:1:      scummos_arrival_forest

Action                   || total
-------------------------++-------
Melee: Hand axe          ||    34
Invok: Berserk           ||     2
  Use: Potion            ||     1
Armor: Animal skin       ||     2
       Skin              ||     1
Dodge: Dodged            ||    31

Table legend:
 A = Spawn XP
 B = Non-spawn XP
 C = Spawn XP percentage of total XP
 D = Spawn monster count
 E = Non-spawn monster count
 F = Spawn count percentage of total count
 G = Total turns spent on level
                    A         B        C        D         E        F      G
               +---------+---------+-------+---------+---------+-------+---------
         Total |       0 |      40 |   0.0 |       0 |      11 |   0.0 |   214
               +---------+---------+-------+---------+---------+-------+---------
           D:1 |       0 |       1 |   0.0 |       0 |       1 |   0.0 |    85
           D:2 |       0 |      39 |   0.0 |       0 |      10 |   0.0 |   129
               +---------+---------+-------+---------+---------+-------+---------
